 Dungeon Crawl Stone Soup version 0.29.1-2-gbd0b4ee654 (webtiles) character file.

Game seed: 13614099315449544961

157 qeuew the Poker (level 5, 0/41 HPs)
             Began as a Merfolk Gladiator on Nov 9, 2022.
             Slain by an orc
             ... wielding a +0 hand axe
              (2 damage)
             ... on level 3 of the Dungeon.
             The game lasted 00:03:42 (2124 turns).

qeuew the Poker (Merfolk Gladiator)                 Turns: 2124, Time: 00:03:43

Health: 0/41       AC:  7    Str: 17    XL:     5   Next: 38%
Magic:  5/5        EV: 13    Int:  7    God:
Gold:   133        SH:  0    Dex: 15    Spells: 4/4 levels left

rFire   . . .      SeeInvis .   a - +0 trident
rCold   . . .      Faith    .   (no shield)
rNeg    . . .      Spirit   .   b - +0 leather armour
rPois   .          Reflect  .   c - +0 helmet
rElec   .          Harm     .   (no cloak)
rCorr   .          Rampage  .   (no gloves)
Will    .....                   m - +2 pair of boots
Stlth   +.........              j - amulet of the acrobat
HPRegen 0.13/turn               (no ring)
MPRegen 0.09/turn               (no ring)

@: no status effects
A: (nimble swimmer 2), mertail
a: no special abilities


You were on level 3 of the Dungeon.
You visited 1 branch of the dungeon, and saw 3 of its levels.

You collected 133 gold pieces.

Inventory:

Hand Weapons
 a - a +0 trident (weapon)
Missiles
 d - 2 throwing nets (quivered)
 e - a javelin
Armour
 b - a +0 leather armour (worn)
 c - a +0 helmet (worn)
 m - a +2 pair of boots (worn)
Jewellery
 j - an amulet of the acrobat (around neck)
Wands
 g - a wand of digging (4)
 h - a wand of paralysis (8)
Scrolls
 l - a scroll of enchant weapon
Potions
 f - a potion of invisibility
 i - 2 potions of curing
 k - a potion of resistance


   Skills:
 + Level 3.2 Fighting
 + Level 5.0 Polearms
 + Level 2.9 Throwing
 + Level 1.3 Armour
 + Level 5.0 Dodging


You had 4 spell levels left.
You didn't know any spells.
Your spell library contained the following spells:

 Spells                   Type           Power      Damage    Failure   Level
 Ozocubu's Armour         Ice            0%         N/A       86%         3
 Ozocubu's Refrigeration  Ice            0%         4d7       100%        7


Dungeon Overview and Level Annotations

Branches:
Dungeon (3/15)

Altars:
Kikubaaqudgha


Innate Abilities, Weirdness & Mutations

((You are very nimble when in or above water. (Stealth+, EV+, Speed+++)))
Your lower body shifts to a powerful aquatic tail in water.


Message History

The orc misses you. x2
You barely miss the orc.
The orc is severely wounded.
The orc hits you but does no damage. x2
You hit the orc.
You kill the orc!
The orc barely misses you.
You closely miss the orc priest. The orc priest hits you with a +0 club.
The orc hits you with a +0 hand axe.
There are monsters nearby!
You closely miss the orc priest. The orc barely misses you.
The orc priest barely misses you.
You barely miss the orc priest. The orc hits you with a +0 hand axe.
The orc priest hits you but does no damage.
You are too injured to fight recklessly!
You are too injured to fight recklessly!
You are too injured to fight recklessly!
You are too injured to fight recklessly!
You are too injured to fight recklessly!
You are too injured to fight recklessly!
You are too injured to fight recklessly!
You are too injured to fight recklessly!
You are too injured to fight recklessly!
You are too injured to fight recklessly!
You are too injured to fight recklessly!
You are too injured to fight recklessly!
The orc attacks as you move away! The orc barely misses you.
The orc priest invokes the aid of Beogh against you.
Beogh smites you!
* * * LOW HITPOINT WARNING * * *
You completely miss the orc. The orc misses you.
The orc priest begins to cast a cantrip, but forgets the words!
You hit the orc.
The orc is moderately wounded.
The orc hits you with a +0 hand axe.
* * * LOW HITPOINT WARNING * * *
You barely miss the orc.
The orc is moderately wounded.
The orc hits you with a +0 hand axe.
You die...

### #..## #....##
#._...# #....o# #o#
#@# .############.
#.# .....>.†......
#.# .....#.######
#.# ####.#.# #.# ##
#.#.# #.# .###.#(#
#.#
.†...#.#########.#
.#####.........#.##


You could see an orc priest and an orc.

Vanquished Creatures
  An orc priest (D:3)
  Ijyb (D:3)
  Natasha (D:3)
  An orc wizard (D:3)
  A worm (D:2)
  A dart slug (D:2)
  3 orcs (D:3)
  A ball python (D:1)
  3 bats
  4 endoplasms (D:1)
  A giant cockroach (D:3)
  8 goblins
  3 hobgoblins
  6 jackals
  A quokka (D:1)
  2 frilled lizards
  2 kobolds (D:1)
  5 rats (D:1)
45 creatures vanquished.

Vanquished Creatures (others)
  A plant (D:3)
  8 toadstools (D:3)
9 creatures vanquished.

Grand Total: 54 creatures vanquished

Notes
Turn   | Place    | Note
-------+----------+-------------------------------------------
     0 | D:1      | qeuew the Merfolk Gladiator began the quest for the Orb.
     0 | D:1      | Reached XP level 1. HP: 16/16 MP: 1/1
    59 | D:1      | Reached XP level 2. HP: 23/23 MP: 2/2
    87 | D:1      | Found a faded altar of an unknown god.
   382 | D:1      | Reached XP level 3. HP: 28/28 MP: 3/3
  1428 | D:3      | Noticed Ijyb
  1445 | D:3      | Killed Ijyb
  1446 | D:3      | Reached skill level 1 in Armour
  1446 | D:3      | Reached XP level 4. HP: 26/34 MP: 4/4
  1665 | D:3      | Reached XP level 5. HP: 6/41 MP: 5/5
  1949 | D:3      | Noticed Natasha
  1960 | D:3      | Killed Natasha
  1961 | D:3      | Reached skill level 5 in Polearms
  1961 | D:3      | Reached skill level 5 in Dodging
  2111 | D:3      | Found an ancient bone altar of Kikubaaqudgha.
  2123 | D:3      | HP: 2/41 [orc/+0 hand axe (5)]
  2124 | D:3      | Slain by an orc

Illustrated notes

Levels and vault maps discovered:
D:1:      minmay_arrival_four_circles, layout_rooms,
          ebering_ecumenical_altar_box
D:2:      layout_basic
D:3:      cheibrodos_fertilizer, layout_basic, mainiacjoe_overflow_alcove_1,
          hex_medium, guppyfry_early_lair_pool, uniq_natasha, uniq_ijyb

Skill      XL: |  1  2  3  4  5 |
---------------+----------------+-----
Armour         | 1 |  1.3
Fighting       | 3 |  3.2
Polearms       | 5 |  5.0
Dodging        | 5 |  5.0
Throwing       | |  2.9

Action                   |  1- 3 |  4- 6 || total
-------------------------+-------+-------++-------
Melee: Trident           |   126 |    60 ||   186
       Punch             |     2 |       ||     2
Throw: Throwing net      |     2 |       ||     2
  Use: Scroll            |     6 |       ||     6
       Potion            |     2 |       ||     2
 Stab: Sleeping          |     2 |       ||     2
Armor: Leather armour    |    41 |    20 ||    61
Dodge: Dodged            |    98 |    30 ||   128
